[Event "*** Titled Tuesday Blitz"]
[Site "Chess.com"]
[Date "2020.01.07"]
[Round "2"]
[White "brendan174"]
[Black "BasilSmash"]
[Result "0-1"]
[WhiteElo "2104"]
[BlackElo "2412"]
[TimeControl "180+2"]
[EndTime "13:25:53 PST"]
[Termination "BasilSmash won by resignation"]

1. d4 d5 2. Nc3 c6 3. Bf4 Bf5 4. f3 h6 5. e3 Nd7 6. g4 Bh7 7. Bd3 Bxd3 8. Qxd3 Ngf6 9. O-O-O e6 10. h4 b5 11. Nge2 b4 12. Nb1 Qa5 13. Qb3 c5 14.
a3 c4 15. Qa2 Rc8 16. c3 bxa3 17. Nxa3 Nb6 18. g5 hxg5 19. hxg5 Rxh1 20. Rxh1 Nfd7 21. e4 Na4 22. Rh8 Rc6 23. exd5 exd5 24. Rh2 Rb6 25. Bc7 Rxb2 26. Qxb2 Nxb2 27. Bxa5 Bxa3 28. Kb1 Nd3 29. Rh8+ Ke7 30. Ng3 g6 31. Ra8 Bd6 32. Ne2 Bb8 33.
Bb4+ Nxb4 34. cxb4 Kd6 35. Nf4 Kc6 36. Kc2 Bxf4 37.
Rxa7 Bxg5 38. Ra6+ Nb6 39. Kc3 Be3 40. Ra7 f5 41. Rg7 g5 42. Rf7 g4 43. Rxf5 g3 44.
Rf6+ Kb5 45. Rg6 Na4+ 46. Kc2 Bxd4 47. Rxg3 Kxb4 48. Rg5 Kc5 49. f4 Nc3 50. f5 Ne4 51. Rh5 Bf6 52. Rh7 d4 53. Rc7+ Kd5 54. Rd7+ Ke5 55.
Rc7 d3+ 56. Kd1 c3 0-1

[Event "*** Titled Tuesday Blitz"]
[Site "Chess.com"]
[Date "2020.01.07"]
[Round "2"]
[White "nubair1198"]
[Black "Ar4uha"]
[Result "1-0"]
[WhiteElo "2924"]
[BlackElo "2596"]
[TimeControl "180+2"]
[EndTime "13:25:54 PST"]
[Termination "nubair1198 won by resignation"]

1. c4 Nf6 2. Nc3 e6 3. e4 d5 4. e5 d4 5. exf6 dxc3 6. bxc3 Qxf6 7. d4 e5 8. Nf3 Nc6 9. Bg5 Qg6 10. d5 Nb8 11. h4 Bg4 12. Qb1 Bxf3 13. gxf3 Qxb1+ 14. Rxb1 b6 15. f4 Bd6 16. fxe5 Bxe5 17. Kd2 Nd7 18.
Re1 O-O 19. Bh3 f5 20. Be3 Rae8 21. Rhg1 Nc5 22. f3 Bf6 23. h5 f4 24. Bd4 Kf7 25. Bf5 Rxe1 26. Rxe1 g6 27. hxg6+ hxg6 28. Be6+ Nxe6 29. Rxe6 Bxd4 30. cxd4 Re8 31. Rc6 Re7 32. a4 g5 33. c5 Rd7 34. d6 cxd6 35. cxb6 axb6 36.
Rxb6 Ke6 37. Kd3 Ra7 38. Rb4 Kf5 39. Rb5+ Kf6 40. a5 Ra6 41. Ke4 Ke6 42. Rxg5 Ra8 43. Kxf4 d5 44. a6 Kf7 45. Rxd5 Rxa6 46. Re5 Kf6 47.
Ke4 Ra1 48. Rf5+ Ke6 49. d5+ Kd6 50. Rf6+ Ke7 51. Re6+ Kd7 52. Rh6 Re1+ 53. Kf5 Rd1 54. d6 Rd5+ 55. Ke4 Rd1 56. f4 Rd2 57. Ke5 Re2+ 58.
Kf5 Rf2 59. Rf6 Rg2 60. Rg6 Rf2 61. Kg5 Rg2+ 62. Kf6 Rf2 63. f5 Kxd6 64. Kg7+ Ke7 65. f6+ Ke6 66. Rg1 1-0

[Event "*** Titled Tuesday Blitz"]
[Site "Chess.com"]
[Date "2020.01.07"]
[Round "2"]
[White "Er_is_geen_hoop_meer"]
[Black "AdrianPetrisor1992"]
[Result "1-0"]
[WhiteElo "2384"]
[BlackElo "2642"]
[TimeControl "180+2"]
[EndTime "13:25:54 PST"]
[Termination "Er_is_geen_hoop_meer won by resignation"]

1. b4 c6 2. e3 Qb6 3. a3 Nf6 4. Bb2 a5 5. b5 cxb5 6. Nc3 b4 7.
axb4 Nc6 8. b5 Nb4 9. Na4 Qc7 10. c3 Nbd5 11. c4 Nb4 12. Bd4 d6 13. Nb6 Rb8 14. Rxa5 e5 15. Bc3 Qxb6 16. Bxb4 Be6 17. Qa4 Be7 18.
Nf3 O-O 19. Nxe5 Rfc8 20. Be2 Bd8 21. Nf3 Bxc4 22. d3 Bxd3 23. Bxd3 Rc1+ 24. Ke2 Rxh1 25. Nd2 d5 26. Ra8 Rxa8 27. Qxa8 g6 28. Nb3 Qc7 29.
Kf3 Kg7 30. h3 Ne4 31. Bxe4 dxe4+ 32. Kxe4 Qc2+ 33. Kf3 Qd1+ 34. Kg3 Bc7+ 35. f4 Bd6 36. Bc3+ Kh6 37. Qh8 Bxf4+ 38. Kxf4 Rf1+ 39. Kg3 Qd6+ 40. Be5 Qe6 41. Nd4 Qa2 42. Qg7+ Kg5 43. h4+ 1-0

[Event "*** Titled Tuesday Blitz"]
[Site "Chess.com"]
[Date "2020.01.07"]
[Round "2"]
[White "Region_07"]
[Black "Ariadna_Atreides"]
[Result "1-0"]
[WhiteElo "2380"]
[BlackElo "2058"]
[TimeControl "180+2"]
[EndTime "13:25:54 PST"]
[Termination "Region_07 won by checkmate"]

1. d4 e6 2. Nf3 c5 3. c4 cxd4 4.
Nxd4 Nf6 5. Nc3 Nc6 6. e3 Bb4 7. Be2 O-O 8. O-O d5 9. cxd5 Nxd5 10. Nxd5 exd5 11. a3 Bc5 12. Nf3 a6 13. b4 Ba7 14. Bb2 Be6 15. Rc1 Rc8 16. Bd3 h6 17. Bb1 Ne7 18. Nd4 Rxc1 19. Qxc1 Bxd4 20. Bxd4 Qd7 21.
Qb2 f6 22. Rd1 Nf5 23. Bc5 Rd8 24. e4 Nd6 25. exd5 Bf5 26. Ba2 Kh8 27. h3 Be4 28. Qd4 Bh7 29. Qf4 Ne4 30. Bd4 Nd6 31. Rc1 Re8 32. Bc5 Ne4 33. d6 f5 34. Bd5 Bg8 35. Bxg8 Kxg8 36. f3 Nxc5 37. bxc5 Qc6 38. Qxf5 Rc8 39.
Rd1 Rd8 40. d7 Kh8 41. Rd6 Qc7 42. Qd5 Qa5 43. Qe5 Qxa3 44. Rxh6+ Kg8 45. Qe6+ Kf8 46. Rh8# 1-0

[Event "*** Titled Tuesday Blitz"]
[Site "Chess.com"]
[Date "2020.01.07"]
[Round "2"]
[White "severomorskij"]
[Black "Mikhail_Golubev"]
[Result "0-1"]
[WhiteElo "2888"]
[BlackElo "2612"]
[TimeControl "180+2"]
[EndTime "13:25:55 PST"]
[Termination "Mikhail_Golubev won by checkmate"]

1. d4 Nf6 2. c4 g6 3. Nc3 Bg7 4. e4 d6 5. Bd3 O-O 6. Nge2 Nc6 7. O-O Nh5 8. Be3 e5 9. d5 Nd4 10. Nb5 Nxe2+ 11. Bxe2 Nf4 12. Nxa7 Rxa7 13. Bxa7 b6 14.
a4 Qg5 15. g3 Nxe2+ 16. Qxe2 Bg4 17. f3 Bh3 18. a5 Bxf1 19. Qxf1 bxa5 20. Qe2 f5 21.
Be3 Qh5 22. exf5 Qxf5 23. Kg2 e4 24. f4 Rb8 25. Bc1 Bd4 26. Rxa5 e3 27. Ra3 Qe4+ 28. Kh3 Qf5+ 29. Kg2 Qb1 30. Qg4 Qe4+ 31. Qf3 Qc2+ 32. Kh3 Qxc1 33. Qe4 Bg7 34. Rxe3 Qf1+ 35. Kg4 Rf8 36.
Qe6+ Kh8 37. Re2 Bf6 38. f5 h5# 0-1

[Event "*** Titled Tuesday Blitz"]
[Site "Chess.com"]
[Date "2020.01.07"]
[Round "2"]
[White "Chessalary"]
[Black "WelshTiger"]
[Result "0-1"]
[WhiteElo "2067"]
[BlackElo "2384"]
[TimeControl "180+2"]
[EndTime "13:25:55 PST"]
[Termination "WelshTiger won by resignation"]

1. e4 c5 2. Nf3 d6 3. d4 cxd4 4. Nxd4 Nf6 5. Nc3 Nc6 6. Nxc6 bxc6 7. Be2 g6 8. O-O Bg7 9. Be3 O-O 10. f3 a5 11. Qe1 Ba6 12. Bxa6 Rxa6 13. Qh4 Nd7 14.
Bh6 Qb6+ 15. Kh1 Bxh6 16. Qxh6 Qxb2 17. Qd2 Qb4 18. Rfd1 Qc5 19. Rab1 Ne5 20. Qe2 Raa8 21. Na4 Qc4 22. Qxc4 Nxc4 23. Rb7 Rfe8 24. Rdb1 c5 25.
Nb6 Nxb6 26. R1xb6 Kg7 27. Kg1 Kf6 28. Kf2 a4 29. f4 a3 30. Ke3 Ra4 31. Kd3 Ke6 32.
c4 Rea8 33. g4 R8a6 34. f5+ Kf6 35. g5+ Kxg5 36. Rxa6 Rxa6 37. Rxe7 Kf6 38. Re8 gxf5 39. exf5 Kxf5 40. Ke3 Rb6 41. Rd8 Ke6 42. Ra8 Rb4 43. Rxa3 Rxc4 44. Ra8 Rc3+ 45. Kd2 Rh3 46. a4 Rxh2+ 47.
Ke3 Kd5 48. a5 Ra2 49. a6 h5 50. a7 h4 51. Kf3 h3 52. Rh8 Rxa7 53. Rxh3 Ra3+ 0-1

[Event "*** Titled Tuesday Blitz"]
[Site "Chess.com"]
[Date "2020.01.07"]
[Round "2"]
[White "AminMolaei"]
[Black "David_Paravyan"]
[Result "0-1"]
[WhiteElo "2572"]
[BlackElo "2875"]
[TimeControl "180+2"]
[EndTime "13:25:56 PST"]
[Termination "David_Paravyan won on time"]

1. d4 Nf6 2. c4 g6 3. Nc3 d5 4. Bg5 Bg7 5. Bxf6 Bxf6 6. cxd5 c6 7. e4 cxd5 8. Nxd5 Bg7 9. Bb5+ Nc6 10. Ne2 O-O 11. O-O Bg4 12. f3 Be6 13. Bxc6 bxc6 14. Ndc3 Bc4 15. Qd2 Qb6 16. b3 Bxe2 17. Nxe2 e5 18. Kh1 exd4 19. Nc1 f5 20. exf5 Rxf5 21. Nd3 Re8 22. Rae1 Re3 23. Qc2 Qb5 24. Rd1 Bf8 25. Rf2 Bd6 26. Kg1 Qd5 27. Nb2 Rh5 28. f4 Rf5 29.
Nc4 Re8 30. g3 d3 31. Rxd3 Re1+ 32. Rf1 Bc5+ 33. Ne3 Bxe3+ 34. Rxe3 Rxe3 0-1

[Event "*** Titled Tuesday Blitz"]
[Site "Chess.com"]
[Date "2020.01.07"]
[Round "2"]
[White "SmirnovAlexandrA"]
[Black "Alopekos"]
[Result "0-1"]
[WhiteElo "2105"]
[BlackElo "2420"]
[TimeControl "180+2"]
[EndTime "13:25:58 PST"]
[Termination "Alopekos won by resignation"]

1. e4 c5 2. Nf3 e6 3. d4 cxd4 4. Nxd4 Nf6 5. Nc3 Bb4 6. Bd3 Nc6 7. Nxc6 dxc6 8. O-O e5 9. a3 Bc5 10. Qe2 Bg4 11. Qe1 O-O 12. Be3 Qe7 13. f3 Be6 14. Qf2 Nd7 15. b4 Bxe3 16. Qxe3 a5 17. Rab1 axb4 18.
axb4 Ra3 19. Ne2 b5 20. g4 Rfa8 21. Qf2 R8a4 22. c3 Ra2 23. Qe3 R4a3 24. Rfc1 h6 25. Rc2 Qg5 26. Qxg5 hxg5 27. Rxa2 Rxa2 28. Kf2 Nb6 29. Ke3 Na4 30. Rh1 Nb2 31. Nc1 Ra3 32.
Kd2 Na4 33. Ne2 Ra2+ 34. Ke3 Kf8 35. h4 gxh4 36. Rxh4 Nb2 37. Nc1 Ra1 38. Kd2 Rxc1 39. Kxc1 Nxd3+ 40. Kd2 Nf4 41. Rh8+ Ke7 42. Rg8 g6 43.
Ra8 Kd6 44. Ra6 f5 45. gxf5 gxf5 46. Ke3 fxe4 47. fxe4 Ng2+ 48. Kf3 Nf4 49. Ke3 Bc4 50. Ra8 Ne2 51. Rd8+ Ke7 52. Rc8 Kd7 53. Rh8 Nxc3 54.
Rh5 Kd6 55. Rh6+ Be6 56. Kd3 Na2 0-1

[Event "*** Titled Tuesday Blitz"]
[Site "Chess.com"]
[Date "2020.01.07"]
[Round "2"]
[White "MarcoRiehle"]
[Black "Sebastian"]
[Result "1-0"]
[WhiteElo "2633"]
[BlackElo "2940"]
[TimeControl "180+2"]
[EndTime "13:25:59 PST"]
[Termination "MarcoRiehle won by resignation"]

1. e4 c5 2. Nf3 d6 3. d4 cxd4 4. Nxd4 Nf6 5. f3 e5 6. Nb3 Be7 7. c4 a5 8. Be3 a4 9. N3d2 O-O 10. Be2 Qa5 11. O-O Be6 12. Na3 Bd8 13. Kh1 Bb6 14.
c5 Bxc5 15. Ndc4 Qd8 16. Qd2 Nc6 17. Nb5 Bxe3 18. Qxe3 d5 19. exd5 Nxd5 20. Qc5 Nf4 21. Rfd1 Qg5 22. Bf1 Rad8 23. Nbd6 Rd7 24. Nxb7 Rxb7 25.
Qxc6 Rbb8 26. g3 Ng6 27. Qxa4 h5 28. Nd6 Rxb2 29. Qa3 Rbb8 30. Ne4 Qf5 31. Qe3 h4 32. g4 Qf4 33. Qxf4 Nxf4 34. a4 Rfc8 35. a5 Rb2 36. Rd2 Rb7 37. Ba6 Rbb8 38. Bxc8 Rxc8 39. a6 Bd5 40. a7 Ba8 41. Rb2 Kh7 42. Rb8 Rc2 43.
Rxa8 h3 44. Rh8+ Kxh8 45. a8=Q+ Kh7 46. Ng5+ Kh6 47. Nxf7+ Kh7 48. Qe4+ 1-0

[Event "*** Titled Tuesday Blitz"]
[Site "Chess.com"]
[Date "2020.01.07"]
[Round "2"]
[White "liczner"]
[Black "Rakesh"]
[Result "0-1"]
[WhiteElo "2793"]
[BlackElo "2457"]
[TimeControl "180+2"]
[EndTime "13:25:59 PST"]
[Termination "Rakesh won on time"]

1. e4 c5 2. Nf3 e6 3. d4 cxd4 4. Nxd4 a6 5. Bd3 Nf6 6. O-O Qc7 7. Qe2 d6 8. c4 Be7 9. b3 Nbd7 10. Bb2 b6 11. Nc3 Bb7 12. Rae1 O-O 13. f4 Nc5 14.
Bb1 Nfd7 15. b4 Bf6 16. Qd2 Bxd4+ 17. Qxd4 e5 18. Nd5 Bxd5 19. Qxd5 Na4 20. Ba1 Rac8 21. Rc1 b5 22. Rfd1 Ndb6 23. Qxd6 Qxd6 24. Rxd6 Nxc4 25. Rxa6 exf4 26. Bd3 Nab6 27. Bd4 Rfd8 28. Bxc4 Nxc4 29.
Bc5 g5 30. a4 Nd6 31. Re1 Nb7 32. Be7 Rd7 33. Bxg5 bxa4 34. Bxf4 Rc4 35. Rxa4 Kg7 0-1

[Event "*** Titled Tuesday Blitz"]
[Site "Chess.com"]
[Date "2020.01.07"]
[Round "2"]
[White "Olga_Zhuravleva"]
[Black "Witik"]
[Result "1/2-1/2"]
[WhiteElo "2366"]
[BlackElo "2677"]
[TimeControl "180+2"]
[EndTime "13:26:02 PST"]
[Termination "Game drawn by repetition"]

1. e4 c6 2. Nc3 d5 3. Nf3 dxe4 4.
Nxe4 Nf6 5. Ng3 c5 6. Bb5+ Bd7 7. Bd3 Nc6 8. O-O g6 9. b3 Bg7 10. Bb2 O-O 11. Kh1 b6 12. a3 Re8 13. Ng5 Nd4 14. Bc4 e6 15. N5e4 Nd5 16. f4 Bc6 17. Bd3 h6 18. Rb1 f5 19. Nc3 Kh7 20. Nce2 e5 21. fxe5 Bxe5 22. Nxd4 cxd4 23. Qf3 Qh4 24. Rbe1 Nb4 25.
Qf2 Nxd3 26. cxd3 Bg7 27. Kg1 Bb5 28. Qf3 Rac8 29. Rxe8 Rxe8 30. Nxf5 gxf5 31. Qxf5+ Kh8 32. Qxb5 Re2 33. Qd5 Rxd2 34. Bc1 Rxd3 35. Bf4 Qg4 36. Bg3 Qg6 37. Be5 Rd2 38. Bxg7+ Qxg7 39. Qa8+ Kh7 40. Qe4+ Kh8 41. Qa8+ Kh7 42. Qe4+ Kh8 43. Qa8+ 1/2-1/2

[Event "*** Titled Tuesday Blitz"]
[Site "Chess.com"]
[Date "2020.01.07"]
[Round "2"]
[White "GremioPrudente"]
[Black "yoolund"]
[Result "0-1"]
[WhiteElo "2264"]
[BlackElo "2505"]
[TimeControl "180+2"]
[EndTime "13:26:05 PST"]
[Termination "yoolund won by checkmate"]

1. Nf3 g6 2. d4 Bg7 3. c4 d6 4. Nc3 Bg4 5. e3 Nc6 6. Be2 Nf6 7. O-O O-O 8. b3 e5 9. dxe5 dxe5 10. Bb2 Qxd1 11.
Rfxd1 e4 12. Nd4 Bxe2 13. Ndxe2 Nb4 14. Nd5 Nfxd5 15. Bxg7 Kxg7 16. cxd5 Rad8 17. Nc3 f5 18. Rd2 Rd7 19. a3 Nd3 20. f3 Nc5 21. Rb1 Rfd8 22.
fxe4 Nxe4 23. Nxe4 fxe4 24. Rd4 Rxd5 25. Rxe4 Rd2 26. Re7+ Kh6 27. Rxc7 Re2 28. Rc4 Kh5 29. Rc5+ g5 30. Rc7 Rdd2 31. Rxh7+ Kg6 32. Rxb7 Rxg2+ 33. Kf1 Rxh2 34. Kg1 Rdg2+ 35. Kf1 Ra2 36. Kg1 Kf5 37. Rxa7 Kg4 38. Ra4+ Kg3 39. Rg4+ Kxg4 40. Rf1 Rag2# 0-1

[Event "*** Titled Tuesday Blitz"]
[Site "Chess.com"]
[Date "2020.01.07"]
[Round "2"]
[White "TST2014"]
[Black "Rainbow2014"]
[Result "1-0"]
[WhiteElo "2508"]
[BlackElo "2271"]
[TimeControl "180+2"]
[EndTime "13:26:09 PST"]
[Termination "TST2014 won by resignation"]

1. d4 Nf6 2. c4 e6 3. Nf3 d5 4. Nc3 Nbd7 5. cxd5 exd5 6. Bg5 Be7 7. e3 c6 8. Bd3 O-O 9. Qc2 Re8 10. O-O Nf8 11.
Rae1 Ne4 12. Bxe7 Qxe7 13. Bxe4 dxe4 14. Nd2 f5 15. f3 exf3 16. Nxf3 Be6 17. e4 fxe4 18.
Rxe4 h6 19. Rfe1 Qf7 20. Ne5 Qf5 21. Rf1 Qh5 22. Qf2 Nd7 23. Rh4 Qg5 24. Ne4 Qe7 25.
Ng6 Qb4 26. a3 Qb3 27. Nd6 Red8 28. Ne7+ Kh7 29. Qe2 Rf8 30. Qe4+ Kh8 31. Ng6+ Kg8 32. Nxf8 Rxf8 33. Rhf4 Rxf4 34. Qxf4 Qd5 35. Nc8 Qc4 36. Ne7+ Kh8 37. Ng6+ Kg8 38. Ne5 Nxe5 39. dxe5 Qc5+ 40. Kh1 a5 41. Rd1 Bd5 42. Rf1 Qc2 43. Qf8+ Kh7 44.
Qf5+ Qxf5 45. Rxf5 Kg6 46. Rf8 b5 47. Kg1 b4 48. Kf2 bxa3 49. bxa3 a4 50. Ke3 Kg5 51. Kd4 h5 52. g3 h4 53. Rf4 hxg3 54. hxg3 Bb3 55. Kc5 Bd5 56. Kd6 g6 57. e6 Bxe6 58. Kxe6 c5 59. Kd5 1-0

[Event "*** Titled Tuesday Blitz"]
[Site "Chess.com"]
[Date "2020.01.07"]
[Round "2"]
[White "MikeSailer"]
[Black "JozefKneht"]
[Result "0-1"]
[WhiteElo "2090"]
[BlackElo "2406"]
[TimeControl "180+2"]
[EndTime "13:26:09 PST"]
[Termination "JozefKneht won on time"]

1. b4 e5 2. Bb2 Bxb4 3. Bxe5 Nf6 4. Nf3 O-O 5. e3 d5 6. Be2 c5 7. O-O Nc6 8. Bg3 Ne4 9. c3 Ba5 10. Qb3 Nxg3 11. hxg3 Bc7 12. d4 c4 13. Qc2 f5 14. Nbd2 Be6 15. Rfb1 Rb8 16. a4 b6 17. Rb5 a6 18. Rb2 Qf6 19. Rab1 g5 20.
Ne5 Nxe5 21. dxe5 Qxe5 22. Nf3 Qd6 23. Nd4 Bd7 24. Qd1 Kg7 25. Bh5 Rf6 26. Bf3 Rbf8 27. a5 b5 28. Nc2 Bc6 29. Nb4 Rd8 30. Nxc6 Qxc6 31. Qd4 g4 32. Be2 Bxa5 33. Ra2 Bb6 34. Qe5 Re8 35. Qf4 Bc7 36. Qg5+ Kh8 37. Rba1 Rg8 38.
Qh5 a5 39. Rxa5 Bxa5 40. Rxa5 Qb6 41. Ra2 Qe6 42. Ra7 Rh6 0-1

[Event "*** Titled Tuesday Blitz"]
[Site "Chess.com"]
[Date "2020.01.07"]
[Round "2"]
[White "Kostina_Nadezhda"]
[Black "yy2324"]
[Result "0-1"]
[WhiteElo "2093"]
[BlackElo "2421"]
[TimeControl "180+2"]
[EndTime "13:26:11 PST"]
[Termination "yy2324 won by checkmate"]

1. e4 c5 2. Nf3 e6 3. d4 cxd4 4.
Nxd4 Nc6 5. Nb3 Nf6 6. Qe2 Bb4+ 7.
c3 Bd6 8. g3 b6 9. Bg2 Bb7 10.
O-O e5 11. Bg5 h6 12. Bxf6 Qxf6 13. N1d2 O-O 14. Nc4 Bc7 15. Rad1 Ba6 16. Rxd7 Qe6 17. Rxc7 Bxc4 18. Qh5 Bxf1 19. Bxf1 Qd6 20. Rb7 Na5 21. Nxa5 bxa5 22. Bc4 Kh8 23. Bxf7 Rab8 24. Rxb8 Qxb8 25. b3 Qd6 26. Bd5 Qc5 27. Qe2 Qxc3 28. Kg2 Kh7 29.
h4 Qb4 30. Be6 a4 31. Bf5+ g6 32. Be6 axb3 33. axb3 Qb6 34. Bd5 a5 35. Qc2 Rf6 36. f3 Rf8 37. g4 h5 38. gxh5 gxh5 39. Qd2 Qg6+ 40. Kh2 Rxf3 41. Be6 Qxe6 42. Qg2 Qg4 43. Qd2 Qg3+ 44. Kh1 Rf1# 0-1

[Event "*** Titled Tuesday Blitz"]
[Site "Chess.com"]
[Date "2020.01.07"]
[Round "2"]
[White "benhal"]
[Black "crazy_machine"]
[Result "1-0"]
[WhiteElo "2349"]
[BlackElo "2642"]
[TimeControl "180+2"]
[EndTime "13:26:14 PST"]
[Termination "benhal won by resignation"]

1. e4 c6 2. d4 d5 3. exd5 cxd5 4. Bd3 Nc6 5. c3 Qc7 6. Ne2 Bg4 7. O-O e6 8. Qe1 Nf6 9. Bg5 Bxe2 10. Qxe2 Bd6 11. g3 O-O-O 12. Nd2 h6 13. Be3 h5 14.
c4 h4 15. c5 Be7 16. Nf3 hxg3 17. hxg3 Nh5 18. Kg2 e5 19. dxe5 Nxe5 20. Nxe5 Qxe5 21. Rac1 Qe6 22. Rh1 Nf6 23. c6 Rxh1 24. cxb7+ Kxb7 25. Rxh1 d4 26. Qf3+ Qc6 27. Bd2 Qxf3+ 28. Kxf3 Bc5 29. a3 Rd5 30. b4 Bb6 31. g4 Rd8 32. g5 Nd7 33.
Be4+ Kb8 34. Rh7 g6 35. Bf4+ Bc7 36. Bxc7+ Kxc7 37. Rxf7 Kd6 38. Ke2 Re8 39. f3 Ne5 40. Rxa7 Rh8 41. Ra6+ Kc7 42. Re6 Rh2+ 43. Kf1 Nf7 44.
Re7+ Kd6 45. Rxf7 Ke5 46. Bxg6 Ra2 47. f4+ Ke6 48. Rf6+ Ke7 49. Ra6 Rb2 50. f5 Kd7 51.
f6 Kc7 52. Bd3 Rd2 53. f7 Rxd3 1-0

[Event "*** Titled Tuesday Blitz"]
[Site "Chess.com"]
[Date "2020.01.07"]
[Round "2"]
[White "PotapovaM"]
[Black "narutosmith"]
[Result "1-0"]
[WhiteElo "2502"]
[BlackElo "2258"]
[TimeControl "180+2"]
[EndTime "13:26:16 PST"]
[Termination "PotapovaM won on time"]

1. Nf3 c5 2. e4 e6 3. c4 Nc6 4. Nc3 Nf6 5. Be2 e5 6. O-O d6 7. d3 h6 8. a3 Be7 9. b4 O-O 10. Rb1 b6 11. Be3 Nd4 12. Bxd4 cxd4 13. Nd5 Nh7 14.
Nd2 Bb7 15. g3 Bxd5 16. cxd5 f5 17. exf5 Rxf5 18. Bg4 Rf8 19. Ne4 g6 20. Be6+ Kg7 21. h4 h5 22. Rc1 Bxh4 23. gxh4 Qxh4 24. Rc7+ Kh8 25. f3 Ng5 26. Qe2 Nxe4 27. dxe4 d3 28. Qh2 Qd8 29. Rcc1 Rf4 30. Rcd1 Qg5+ 31. Qg2 Qh4 32.
Rxd3 g5 33. Qh2 Qxh2+ 34. Kxh2 g4 35. Bf5 Rf8 36. Kg3 Kg7 37. Rh1 gxf3 38. Rxf3 Rxf3+ 39. Kxf3 Kh6 40. Rg1 Rf6 41. Rg8 h4 42. Kg4 1-0

[Event "*** Titled Tuesday Blitz"]
[Site "Chess.com"]
[Date "2020.01.07"]
[Round "2"]
[White "GMBenjaminBok"]
[Black "Philosopherrr"]
[Result "1-0"]
[WhiteElo "2863"]
[BlackElo "2450"]
[TimeControl "180+2"]
[EndTime "13:26:18 PST"]
[Termination "GMBenjaminBok won by checkmate"]

1. Nf3 Nf6 2. c4 e6 3. g3 d5 4. Bg2 Be7 5. O-O O-O 6. b3 b6 7.
Nc3 Bb7 8. d4 Nbd7 9. Bb2 c5 10.
Ne1 cxd4 11. Qxd4 Nc5 12. cxd5 exd5 13. Nc2 Ne6 14. Qd3 Rc8 15. Rfd1 Qc7 16. Rac1 Rfd8 17.
e3 Nc5 18. Qe2 Ba6 19. Nb5 Qd7 20. Ncd4 Ne6 21. a4 Bb4 22. Nf5 Nf4 23. Nh6+ gxh6 24. exf4 Qf5 25. Qe3 Re8 26. Qd4 Rxc1 27. Rxc1 Bxb5 28.
axb5 Be7 29. Re1 Kf8 30. Bf3 Bc5 31. Rxe8+ Nxe8 32. Qd2 Nf6 33. Bxf6 Qxf6 34. b4 Qd4 35.
Qa2 Bxb4 36. Bxd5 Bc5 37. Bxf7 Qd1+ 38. Kg2 Qe1 39. Bd5 Qe7 40. Bf3 Qf6 41. Qxa7 Qd4 42. Qb8+ Kg7 43. Qe5+ Qxe5 44. fxe5 Kg6 45. Be4+ Kg5 46.
f4+ Kh5 47. Kh3 Bd4 48. g4# 1-0

[Event "*** Titled Tuesday Blitz"]
[Site "Chess.com"]
[Date "2020.01.07"]
[Round "2"]
[White "cukus"]
[Black "tomozupan"]
[Result "1-0"]
[WhiteElo "2461"]
[BlackElo "2185"]
[TimeControl "180+2"]
[EndTime "13:26:19 PST"]
[Termination "cukus won by resignation"]

1. e4 e5 2. Nf3 Nc6 3. Bb5 Nge7 4. O-O g6 5. c3 a6 6. Ba4 Bg7 7. d4 exd4 8. cxd4 b5 9. Bc2 d6 10. h3 O-O 11. Nc3 Na5 12. b3 c5 13. Bb2 c4 14.
Ne2 Nec6 15. Qd2 b4 16. Qf4 c3 17. Bc1 Qf6 18. Qxf6 Bxf6 19. Bf4 Rd8 20. Rad1 Ne7 21. e5 Bg7 22. exd6 Nd5 23. Bg3 Nb7 24. Be4 Be6 25.
Ng5 Nxd6 26. Nxe6 fxe6 27. Bc2 Nf5 28. Be5 Bxe5 29. dxe5 a5 30. Nd4 Nxd4 31. Rxd4 Ne7 32. Rfd1 Rxd4 33. Rxd4 Nd5 34. Kf1 Rd8 35. g3 Kf7 36.
Ke2 Ke7 37. Kd3 Nb6 38. Rxd8 Kxd8 39. Kd4 Kc7 40. Kc5 Nd7+ 41. Kb5 Nxe5 42. Kxa5 Nc6+ 43. Kb5 Nd4+ 44. Kxb4 Nxc2+ 45. Kxc3 Ne1 46. a4 Nf3 47. b4 Ng1 48. h4 Nh3 49. Kd4 Kd6 50.
f3 Ng1 51. Ke3 h6 52. Kf2 Nh3+ 53. Kg2 Nf4+ 54. gxf4 Kd5 55. a5 1-0

[Event "*** Titled Tuesday Blitz"]
[Site "Chess.com"]
[Date "2020.01.07"]
[Round "2"]
[White "ChessSkool"]
[Black "Vegan4future"]
[Result "0-1"]
[WhiteElo "2687"]
[BlackElo "2429"]
[TimeControl "180+2"]
[EndTime "13:26:20 PST"]
[Termination "Vegan4future won by resignation"]

1. d4 Nf6 2. c4 g6 3. Nc3 Bg7 4. e4 d6 5. h3 O-O 6. Be3 e5 7. d5 a5 8. g4 Na6 9. Nge2 Nd7 10. h4 f5 11. gxf5 gxf5 12. exf5 Ndc5 13. Ng3 Bxf5 14. Nxf5 Rxf5 15. Qg4 Qf6 16. O-O-O Kh8 17. Bh3 Rf3 18.
Bg2 Rf5 19. Ne4 Qf8 20. Kb1 Re8 21. h5 h6 22. Rhg1 Qf7 23. Nxc5 Nxc5 24. Bxc5 dxc5 25. Be4 Rg5 26. Qh4 Bf6 27. Bg6 Rxg1 28. Rxg1 Qxg6+ 29. Rxg6 Bxh4 30. Rxh6+ Kg7 31. Rg6+ Kf7 32.
Kc2 Bf6 33. Rg2 Rh8 34. Rh2 Bg5 35. Kd3 Bf4 36. Rh3 Kf6 37. Ke4 a4 38. b3 axb3 39.
Rxb3 b6 40. d6 cxd6 41. Kd5 Rxh5 42. Rxb6 Rh2 43. Rxd6+ Kf5 44. Kxc5 Rxf2 45. a4 e4 46. Rd8 Ra2 47. Rf8+ Kg4 48. Re8 Kf3 49. Kd4 e3 50. c5 e2 51. c6 Rxa4+ 52. Kd3 Ra3+ 53. Kc2 Re3 54. Rxe3+ Kxe3 55. c7 Bxc7 0-1

[Event "*** Titled Tuesday Blitz"]
[Site "Chess.com"]
[Date "2020.01.07"]
[Round "2"]
[White "ValeriyGrinev"]
[Black "Gareth-Bale11"]
[Result "1-0"]
[WhiteElo "2542"]
[BlackElo "2720"]
[TimeControl "180+2"]
[EndTime "13:26:21 PST"]
[Termination "ValeriyGrinev won by checkmate"]

1. d4 Nf6 2. c4 e6 3. Nc3 Bb4 4. e3 O-O 5. Bd2 d5 6. Rc1 Re8 7. cxd5 exd5 8. Bd3 c6 9. Nge2 Bd6 10. Ng3 g6 11. O-O h5 12. f3 Qc7 13. Nb5 Qe7 14. Nxd6 Qxd6 15. Qe1 Nbd7 16. Qf2 h4 17. Ne2 h3 18. g4 c5 19. Qh4 c4 20. Bb1 b5 21.
Qxh3 b4 22. Qg3 Qxg3+ 23. Nxg3 a5 24. e4 dxe4 25. fxe4 Ba6 26. g5 c3 27. bxc3 Bxf1 28. Rxf1 bxc3 29. Bxc3 Nh7 30. h4 Nb6 31. d5 Nc4 32.
Bd3 Ne5 33. Bb5 Re7 34. Ne2 Nf8 35. a4 Nfd7 36. Nd4 Nc5 37. d6 Rb7 38. Nc6 Ng4 39. Ne7+ Kf8 40. Nxg6+ Kg8 41. Ne7+ Kf8 42. g6 f6 43.
Bxf6 Nxe4 44. Bg5+ Ngf2 45. Rxf2+ Nxf2 46. Kxf2 Rb6 47. Bh6# 1-0

[Event "*** Titled Tuesday Blitz"]
[Site "Chess.com"]
[Date "2020.01.07"]
[Round "2"]
[White "Fandorin779"]
[Black "Vuk2000"]
[Result "0-1"]
[WhiteElo "2313"]
[BlackElo "2674"]
[TimeControl "180+2"]
[EndTime "13:26:23 PST"]
[Termination "Vuk2000 won by resignation"]

1. e4 e6 2. d4 d5 3. Nd2 Be7 4. Bd3 c5 5. c3 cxd4 6. cxd4 Nc6 7. Ngf3 dxe4 8. Nxe4 Nf6 9. O-O Nb4 10. Qa4+ Bd7 11.
Nxf6+ gxf6 12. Bb5 a6 13. Bxd7+ Qxd7 14. Qd1 Qd5 15.
Bf4 Rg8 16. Bg3 Rd8 17. Rc1 Qxa2 18. Rc7 b5 19. Qc1 Qd5 20. Ra7 Rd7 21. Qc8+ Bd8 22.
Ra8 Qc6 23. Qb8 Nd5 24. Nd2 f5 25. Nb3 f4 26. Rc1 Qd6 27. Qxd6 Rxd6 28. Bh4 f6 29. Rcc8 Nb6 30. Rxd8+ Rxd8 31. Rxd8+ Kxd8 32. Bxf6+ Ke8 33. f3 Kf7 34. Be5 Nc4 35. Bxf4 Nxb2 36. Nc5 a5 37. Bd2 Nc4 38. Bc3 a4 39. g4 a3 40. h4 Rb8 41.
Nd3 a2 42. Nb4 Ra8 43. Ba1 Ra4 44. Nd3 b4 0-1

[Event "*** Titled Tuesday Blitz"]
[Site "Chess.com"]
[Date "2020.01.07"]
[Round "2"]
[White "newauto"]
[Black "manmanlai1"]
[Result "0-1"]
[WhiteElo "2028"]
[BlackElo "2379"]
[TimeControl "180+2"]
[EndTime "13:26:23 PST"]
[Termination "manmanlai1 won by resignation"]

1. e4 c6 2. Nc3 d5 3. Nf3 dxe4 4.
Nxe4 Nf6 5. Qe2 Nxe4 6. Qxe4 Nd7 7. Bc4 Nf6 8. Qe2 e6 9. d4 Bd6 10. Bg5 h6 11. Bh4 Bb4+ 12. c3 Be7 13. O-O O-O 14. Ne5 Nd7 15. Bg3 Nxe5 16. dxe5 b5 17. Bd3 Bb7 18. Qe4 g6 19. Bxb5 Qb6 20. Bd3 Rad8 21. Rfd1 Rd7 22. Bf4 Rfd8 23. Bxh6 Qxb2 24. Rab1 Qxc3 25.
Be2 Rxd1+ 26. Rxd1 Rxd1+ 27. Bxd1 Qa1 28. Qe2 Ba6 29.
Qxa6 Qxd1+ 30. Qf1 Qd5 31. Qe2 c5 32. Bf4 c4 33. h3 Bc5 34. Qd2 Qxd2 35. Bxd2 Bd4 36.
Bf4 Bb2 37. Kf1 c3 38. Ke2 c2 39. h4 c1=Q 40. Bxc1 Bxc1 41. g4 Bf4 42. a4 Bxe5 43.
Ke3 Bc7 44. f4 f5 45. g5 Kf7 46. Kf3 Ba5 47. Kg3 Bd2 48. Kf3 Be1 49. h5 gxh5 50. Kg2 h4 51. Kf3 h3 0-1